 Dungeon Crawl Stone Soup version 0.21-a0-88-g13b9641 (webtiles) character file.

60 MackTheKnife the Skirmisher (level 3, -3/34 HPs)
             Began as a Minotaur Fighter on June 26, 2017.
             Slain by a gnoll
             ... wielding a +0 spear
              (6 damage)
             ... on level 2 of the Dungeon.
             The game lasted 00:01:07 (1210 turns).

MackTheKnife the Skirmisher (Minotaur Fighter)      Turns: 1210, Time: 00:01:08

Health: -3/34      AC:  6    Str: 25    XL:     3   Next: 80%
Magic:  2/2        EV:  9    Int:  5    God:
Gold:   102        SH:  4    Dex: 10    Spells: 2/2 levels left

rFire    . . .     SeeInvis .   a - +0 flail
rCold    . . .     Gourm    .   i - +0 buckler
rNeg     . . .     Faith    .   b - +0 scale mail
rPois    .         Spirit   .   (helmet restricted)
rElec    .         Reflect  .   (no cloak)
rCorr    .         Harm     .   (no gloves)
MR       .....                  (no boots)
Stlth    ..........             (no amulet)
HPRegen  0.11/turn              (no ring)
MPRegen  0.08/turn              (no ring)

@: mighty
A: retaliatory headbutt, horns 2
a: no special abilities


You were on level 2 of the Dungeon.
You were hungry.

You visited 1 branch of the dungeon, and saw 2 of its levels.

You collected 102 gold pieces.

Inventory:

Hand Weapons
 a - a +0 flail (weapon)
 o - a cursed -1 mace
   (You found it on level 2 of the Dungeon)
 q - a +0 mace of protection
   (You found it on level 2 of the Dungeon)
 s - a +2 hand axe of distortion
   (You found it on level 2 of the Dungeon)
Armour
 b - a +0 scale mail (worn)
 c - a +0 shield
 i - a +0 buckler (worn)
   (You found it on level 1 of the Dungeon)
Jewellery
 j - an uncursed ring of fire {unknown}
   (You found it on level 1 of the Dungeon)
Scrolls
 h - a scroll of enchant weapon {unknown}
 k - 2 scrolls of teleportation {unknown}
 m - a scroll of identify {unknown}
 n - a scroll of remove curse {unknown}
 p - a scroll of random uselessness {unknown}
Potions
 e - 2 potions of heal wounds {unknown}
 r - a potion of lignification {unknown}
 t - a potion of haste {unknown}
Comestibles
 f - 2 bread rations {@e1}
 g - a fruit
 l - a meat ration {@e2}


   Skills:
 + Level 4.4 Fighting
 + Level 3.9 Maces & Flails
 - Level 3.6 Armour
 - Level 4.0 Shields


You had 2 spell levels left.
You didn't know any spells.

Dungeon Overview and Level Annotations

Branches:
Dungeon (2/15)

Altars:


Innate Abilities, Weirdness & Mutations

You reflexively headbutt those who attack you in melee.
You have a pair of horns on your head.


Message History

You have reached level 3!
Your experience leads to an increase in your attributes!
Increase (S)trength, (I)ntelligence, or (D)exterity?
You feel agile.
You feel sick.
You regained 4 hp, and now have 23/33 hp.
MP restored: 2 You start resting.
You feel sick. x8
You are no longer poisoned.
You take 6 damage, and have 17/33 hp.
Unknown command.
You start resting.
You are feeling hungry.
You regained 5 hp, and now have 22/33 hp.
A hobgoblin comes into view. It is wielding a club.
The hobgoblin shouts!
You hear a shout!
A hobgoblin is nearby!
A hobgoblin is nearby!
A hobgoblin is nearby!
An adder comes into view.
The adder hisses angrily.
You block the hobgoblin's attack.
Your scale mail prevents you from hitting the hobgoblin.
The hobgoblin hits you but does no damage.
You closely miss the hobgoblin. You block the hobgoblin's attack.
The adder barely misses you. You furiously retaliate!
You headbutt the adder. The hobgoblin closely misses you.
You furiously retaliate!
You headbutt the hobgoblin.
A goblin comes into view. It is wielding a club.
There are monsters nearby!
You sock the hobgoblin!
You kill the hobgoblin!
The adder bites you but does no damage.
There are monsters nearby!
You closely miss the adder. Your headbutt misses the adder.
The adder barely misses you. You block the adder's attack.
The adder barely misses you.
You hit the adder but do no damage. You block the adder's attack.
You thump the adder!
You kill the adder!
You block the goblin's attack.
You barely miss the goblin. You block the goblin's attack.
You closely miss the goblin. The goblin hits you but does no damage.
Unknown command.
You closely miss the goblin. The goblin hits you but does no damage.
You miss the goblin. The goblin hits you but does no damage.
You hit the goblin.
You kill the goblin!
Things that are here:
a club; an adder corpse You start resting.
Health restored: 34
p - a scroll labeled MIASAO VICWAO You see here a club.
q - a runed mace
r - a glowing black potion
s - a glowing hand axe No target in view!
No target in view!
t - a glowing amethyst potion You see here 24 bolts.
A gnoll comes into view. It is wielding a spear.
A gnoll is nearby!
A gnoll comes into view. It is wielding a spear.
The gnoll shouts!
You block the gnoll's attack.
A bat and a gnoll come into view.
The gnoll hits you from afar with a spear!
The gnoll hits you with a spear.
You take 8 damage, and have 26/34 hp.
MASSIVE DAMAGE!!
You feel very mighty all of a sudden. The gnoll misses you.
The gnoll barely misses you. You furiously retaliate!
You headbutt the gnoll! The gnoll hits you but does no damage.
You sock the gnoll!
You kill the gnoll!
You block the bat's attack. The bat hits you but does no damage.
The gnoll hits you but does no damage. x2
You closely miss the bat. The bat barely misses you.
The bat hits you but does no damage. The bat barely misses you.
The gnoll hits you from afar with a spear. x2
You take 3 damage, and have 23/34 hp.
You miss the bat. You headbutt the bat.
You kill the bat!
The gnoll hits you from afar with a spear!
The gnoll hits you from afar with a spear.
You take 10 damage, and have 13/34 hp.
MASSIVE DAMAGE!!
The gnoll closely misses you. The gnoll hits you with a spear!
* * * LOW HITPOINT WARNING * * *
Things that are here:
a spear; a gnoll corpse You take 8 damage, and have 5/34 hp.
MASSIVE DAMAGE!!
Your scale mail prevents you from hitting the gnoll.
Your headbutt misses the gnoll. The gnoll completely misses you.
The gnoll hits you with a spear.
* * * LOW HITPOINT WARNING * * *
The gnoll hits you with a spear.
You die...

##.#.# #.##..(.#####..#..###..
#.#.# #....###.......#..# ##.
#.#.#####..# #.#####.#..####.
#....####..###.# #.#......)
###..............# ##.#.......
#......####..########....#.#.#.
.##.....#####....................
..............##.######....#.#.##
.##.....########@#########.....##
....)..........gg................
#####.##########.###########.####
#)# #.# #...# ##.## #.# ###...##
#...## ... ###....... #....####.#
#.# #......... #.........# #.#
#.#....... ####..##### #.###...##


You could see 2 gnolls.

Vanquished Creatures
  2 adders (D:2)
  A gnoll (D:2)
  2 giant cockroaches
  7 goblins
  3 hobgoblins
  3 jackals (D:1)
  4 kobolds
  3 bats
  3 frilled lizards (D:2)
  2 rats
30 creatures vanquished.

Notes
Turn   | Place    | Note
-------+----------+-------------------------------------------
     0 | D:1      | MackTheKnife the Minotaur Fighter began the quest for the Orb.
     0 | D:1      | Reached XP level 1. HP: 19/19 MP: 0/0
   196 | D:1      | Reached skill level 3 in Maces & Flails
   196 | D:1      | Reached XP level 2. HP: 19/26 MP: 1/1
   198 | D:1      | Reached skill level 4 in Shields
   870 | D:2      | Reached skill level 4 in Fighting
   986 | D:2      | Reached XP level 3. HP: 24/33 MP: 2/2
  1209 | D:2      | HP: 5/34 [gnoll/spear (8)]
  1210 | D:2      | Slain by a gnoll

Vault maps used:
D:1:      saegor_arrival_under_anarchy
D:2:      minmay_tall_x

Skill      XL: |  1  2 |
---------------+-------+-----
Maces & Flails | 3 |  3.9
Shields        | 4 |  4.0
Fighting       | 4 |  4.4
Armour         | |  3.6

Action                   || total
-------------------------++-------
Melee: Flail             ||    77
       Headbutt          ||     8
  Use: Potion            ||     1
Armor: Scale mail        ||    55
Dodge: Dodged            ||    38
Block: Buckler           ||    22
       Shield            ||     1

Vault maps used:
D:1:      saegor_arrival_under_anarchy
D:2:      minmay_tall_x

Table legend:
 A = Turns spent in this place as a percentage of turns spent in the entire game.
 B = Non-inter-level travel turns spent in this place as a percentage of non-inter-level travel turns spent in the entire game.
 C = Inter-level travel turns spent in this place as a percentage of turns spent in this place.
 D = Turns resting spent in this place as a percentage of non-inter-level travel turns spent in this place.
 E = Turns spent auto-exploring this place as a percentage of non-inter-level travel turns spent in this place.
 F = Non-inter-level travel turns spent in this place divided by the number of levels of this place that you've seen.
                   A       B       C       D       E      F
               +-------+-------+-------+-------+-------+----------------------
         Total | 100.0 | 100.0 |   1.1 |   2.9 |  15.8 | 136.0
       Dungeon | 100.0 | 100.0 |   1.1 |   2.9 |  15.8 | 136.0
               +-------+-------+-------+-------+-------+----------------------

Table legend:
 A = Kills in this place as a percentage of kills in entire the game.
 B = Kills by you in this place as a percentage of kills by you in the entire game.
 C = Kills by friends in this place as a percentage of kills by friends in the entire game.
 D = Other kills in this place as a percentage of other kills in the entire game.
 E = Experience gained in this place as a percentage of experience gained in the entire game.
 F = Experience gained in this place divided by the number of levels of this place that you have seen.
                   A       B       C       D       E      F
               +-------+-------+-------+-------+-------+----------------------
         Total | 100.0 | 100.0 |  -nan |  -nan | 100.0 |  43.0
       Dungeon | 100.0 | 100.0 |  -nan |  -nan | 100.0 |  43.0
               +-------+-------+-------+-------+-------+----------------------
